Map: Rifts to Korhal

Players

Specialist

  • Race: Terran Terran
  • Spawn Location: 7:00

NamroodTuo

  • Race: Zerg Zerg

VOD

Have the link to the VOD?

Description

Time

  • Played on: Jan. 5, 2023, 11:09 a.m.
  • Length: 19:17
Show
View Real Time Build Order
Export as new Build Order

Specialist Terran 

Build Orders:  

Get SALT Encoding   

  12  0:03  SCV  
  13  0:20  SCV  
  13  0:26  Supply Depot  
  14  0:37  SCV  
  15  0:46  Refinery  
  15  0:56  SCV  
  16  1:05  Barracks  
  16  1:13  SCV  
  17  1:29  SCV  
  18  1:41  Barracks  
  18  1:46  SCV  
  18  1:47  Marine  
  20  1:58  Supply Depot  
  20  2:03  SCV  
  20  2:09  Barracks Tech Lab  
  21  2:20  SCV, Barracks Reactor  
  22  2:37  SCV  
  23  2:40  Barracks  
  24  2:52  Stabilizer Medpacks  
  24  2:55  SCV  
  24  3:12  SCV  
  24  3:17  Refinery  
  25  3:20  Barracks Tech Lab  
  25  3:26  Marine x2  
  25  3:29  SCV  
  28  3:35  Supply Depot  
  28  3:44  Medic  
  28  3:46  SCV  
  31  3:52  Unknown  
  31  4:04  Medic  
  31  4:05  SCV  
  34  4:11  Supply Depot  
  34  4:16  Medic  
  36  4:21  SCV  
  36  4:25  Marine x2  
  39  4:44  Marine x2  
  39  4:46  SCV  
  42  4:54  Supply Depot  
  42  5:03  SCV  
  43  5:11  Medic x2  
  47  5:24  SCV  
  47  5:29  Supply Depot  
  48  5:30  Medic  
  48  5:38  Marine x2  
  52  5:42  Unknown  
  52  6:07  Firebat x2  
  52  6:08  Marine  
  52  6:09  Marine  
  58  6:12  SCV  
  59  6:55  Supply Depot  
  59  7:05  Medic x2  
  63  7:24  Command Center  
  63  7:25  Marine x2  
  63  7:29  Supply Depot  
  65  7:38  Firebat x2  
  69  7:42  Marine x2  
  71  7:59  Incinerator Gauntlets, SCV  
  72  8:02  Supply Depot  
  72  8:13  Medic  
  72  8:19  Firebat  
  76  8:21  Marine x2  
  76  8:41  Medic x2  
  76  8:42  Marine x2  
  82  9:19  Marauder x2, Marine x2  
  86  9:23  Juggernaut Plating  
  86  9:24  Concussive Shells  
  86  9:27  Supply Depot  
  88  9:34  Marine  
  89  9:59  Marauder x2, Marine x2  
  95  10:03  SCV  
  96  10:20  SCV  
  96  10:23  Unknown, Marauder x2  
  101  10:37  SCV  
  102  10:54  SCV  
  103  11:02  Barracks  
  103  11:04  Supply Depot  
  103  11:09  Barracks  
  103  11:24  Marauder, Marine  
  103  11:25  Marine, Marauder  
  109  13:01  Marauder x2  
  109  13:03  Barracks Tech Lab  
  109  13:04  Barracks Reactor  
  109  13:07  SCV  
  114  13:14  Supply Depot  
  114  13:19  Engineering Bay  
  114  13:21  Engineering Bay  
  114  13:22  Factory  
  114  13:24  SCV  
  115  13:33  Marauder  
  115  13:34  Marine, Supply Depot  
  118  13:43  Marine, Medic  
  118  13:44  Marauder, SCV  
  118  13:45  Supply Depot  
  124  13:57  Terran Infantry Weapons Level 1, Terran Infantry Armor Level 1  
  124  14:03  Marine x2  
  124  14:04  Marine x2  
  124  14:07  Medic x3  
  134  14:16  Marine x4  
  134  14:19  Medic x2  
  138  14:28  Supply Depot  
  142  14:38  Supply Depot  
  142  14:39  Medic  
  134  14:59  Supply Depot  
  132  15:09  Supply Depot  
  132  15:15  Marauder  
  132  15:16  Marauder x2, Marine x3  
  132  15:17  Marine  
  140  15:29  Marine x4  
  143  15:30  Medic x3  
  150  15:41  Supply Depot  
  150  15:42  Medic  
  150  15:43  Medic x2  
  156  15:55  Medic x3  
  162  16:01  Marine x3  
  162  16:02  Marine  
  166  16:12  Supply Depot  
  166  16:15  Supply Depot  
  166  16:23  Armory  
  166  16:58  Supply Depot  
  165  17:40  Marauder  
  165  17:41  Marauder x2, Marine x3  
  165  17:42  Marine  
  175  17:53  Marine  
  175  17:54  Marine x3  
  175  17:55  Firebat  
  175  17:56  Firebat x2  
  185  18:10  Firebat  
  185  18:11  Firebat x2  
Show
View Real Time Build Order
Export as new Build Order

NamroodTuo Zerg 

Build Orders:  

Get SALT Encoding   

  12  0:04  Infested SCV  
  13  0:13  Infested SCV  
  14  0:26  Overlord  
  14  0:47  Infested Barracks  
  14  0:54  Infested SCV  
  15  1:02  Infested SCV  
  15  1:05  Overlord  
  16  1:15  Infested SCV  
  17  1:29  Infested SCV  
  18  1:35  Infested Engineering Bay  
  18  1:39  Infested SCV  
  19  1:56  Infestation Level 1  
  19  2:00  Infested SCV  
  19  2:04  Infested Marine  
  19  2:05  Infested Marine  
  22  2:29  Infested Barracks  
  22  2:36  Infested Refinery  
  22  2:38  Infested SCV  
  23  2:40  Infested Refinery  
  23  2:43  Infested SCV  
  24  2:55  Overlord  
  24  2:58  Infested SCV  
  25  3:25  Infested SCV  
  25  3:29  Infested SCV  
  26  3:42  Infested Barracks Tech Lab  
  26  3:43  Infested Barracks  
  25  3:54  Regenerative Plating  
  25  4:00  Infested SCV  
  26  4:23  Infested SCV x2  
  28  4:46  Infested Barracks  
  32  5:05  Infested Marine  
  33  5:11  Infested Marine x3  
  33  5:19  Anaerobic Enhancement  
  36  5:25  Stukov Infantry Armor Level 1  
  36  5:33  Infested Marine  
  36  5:34  Infested Marine x2  
  39  5:50  Infested Bunker  
  39  5:55  Infested Command Center  
  38  6:19  Broodling Gestation  
  32  7:23  Infested SCV  
  37  7:40  Infested Bunker  
  37  7:49  Infestation Level 2  
  41  8:03  Infested SCV  
  41  8:04  Overlord x2  
  41  8:05  Stukov Infantry Weapons Level 1  
  41  8:09  Infested SCV  
  43  8:30  Infested Marine  
  43  8:31  Infested Marine x2  
  43  8:36  Infested Bunker  
  43  8:39  Overlord  
  46  8:40  Infested SCV x3  
  46  8:41  Infested SCV x3  
  52  9:02  Infested Marine x6  
  52  9:03  Infested Marine x4  
  62  9:27  Infested Factory  
  62  9:38  Retinal Augmentation  
  59  10:36  Infested Armory  
  59  10:38  Plagued Munitions  
  49  10:45  Stukov Infantry Armor Level 2, Infested SCV x5  
  54  10:51  Infested Refinery  
  54  10:55  Infested Refinery  
  54  10:57  Overlord x2  
  54  10:58  Overlord x3  
  54  11:08  Infested Bunker  
  62  11:56  Infested Bunker  
  62  12:45  Infested Marine  
  62  12:46  Infested Marine x23  
  62  12:47  Infested Marine x15  
  101  12:51  Infestation Level 3  
  101  13:23  Infested Marine x4  
  101  13:24  Infested Marine x13  
  118  13:44  Overlord x5  
  118  13:47  Overlord x3  
  118  13:48  Overlord x2  
  118  13:50  Aggressive Incubation  
  118  13:55  Calcified Armor  
  111  14:29  Infested Marine  
  80  14:30  Infested Marine x22  
  102  14:46  Infested Marine  
  102  14:47  Infested Marine x15  
  102  14:48  Infested Marine x25  
  102  14:49  Unknown, Infested Marine x10  
  153  14:55  Stukov Infantry Weapons Level 2  
  136  15:25  Infested Marine  
  136  15:26  Infested Marine x17  
  136  15:27  Infested Marine x12  
  147  16:12  Infested Bunker  
  96  16:37  Infested Marine x7  
  96  16:38  Infested Marine x24  
  96  16:39  Infested Marine x19  
  145  16:40  Infested Marine x9  
  154  17:05  Infested Marine  
  154  17:06  Infested Marine x12  
  154  17:07  Infested Marine x8  
  146  17:35  Infested Marine  
  146  17:36  Infested Marine x17  
  146  17:37  Infested Marine x2  
  107  18:30  Infested Marine x2  
  107  18:31  Infested Marine x19  
  107  19:04  Infested Marine x2  
  107  19:05  Infested Marine x21  
Tags
 
Commander
RaynorStukov
Matchup
Co-op
Replay Pack
Multiplayer
Add a new tag
Caveats
  • Supply blocks, unpowered buildings, or Contaminate may cause inaccurate times.
  • Supply counts are checked every 10 seconds.